 Dungeon Crawl Stone Soup version 0.23-a0-619-g281719c (console) character file.

15 Duffy the Skirmisher (level 2, -1/28 HPs)
             Began as a Naga Fighter on Dec 22, 2018.
             Slain by a hound (2 damage)
             ... on level 2 of the Dungeon.
             The game lasted 00:00:29 (466 turns).

Duffy the Skirmisher (Naga Fighter)                  Turns: 466, Time: 00:00:30

Health: -1/28      AC:  4    Str: 18    XL:     2   Next: 50%
Magic:  2/2        EV:  5    Int:  8    God:
Gold:   12         SH:  8    Dex: 10    Spells: 1/1 levels left

rFire    . . .     SeeInvis +   a - +0 war axe
rCold    . . .     Gourm    .   c - +0 shield
rNeg     . . .     Faith    .   b - +0 scale mail
rPois    +         Spirit   .   (no helmet)
rElec    .         Reflect  .   (no cloak)
rCorr    .         Harm     .   (no gloves)
MR       .....                  (no barding)
Stlth    ..........             (no amulet)
HPRegen  0.09/turn              (no ring)
MPRegen  0.08/turn              (no ring)

@: short of breath, very slow
A: large, see invisible, deformed body, poison resistance, slowness 2, slow
metabolism 1, spit poison 1, AC +0
a: Spit Poison


You were on level 2 of the Dungeon.
You were not hungry.

You visited 1 branch of the dungeon, and saw 2 of its levels.

You collected 12 gold pieces.

Inventory:

Hand Weapons
 a - a +0 war axe (weapon)
Armour
 b - a +0 scale mail (worn)
 c - a +0 shield (worn)
Scrolls
 e - 2 scrolls of identify {unknown}
 g - 2 scrolls of remove curse {unknown}
 h - a scroll of amnesia {unknown}
 i - a scroll of magic mapping {unknown}
Potions
 d - a potion of might
Comestibles
 f - a ration


   Skills:
 - Level 3.0 Fighting
 + Level 2.5 Axes
 - Level 2.4 Armour
 + Level 2.8 Shields


You had one spell level left.
You didn't know any spells.
Your spell library was empty.

Dungeon Overview and Level Annotations

Branches:
Dungeon (2/15)

Altars:
Makhleb


Innate Abilities, Weirdness & Mutations

You cannot wear boots.
Your serpentine skin is tough. (AC +0)
You have supernaturally acute eyesight. (SInv)
Armour fits poorly on your strangely shaped body.
Your system is resistant to poisons. (rPois)
You cover ground very slowly.
You have a slow metabolism.
You can spit poison.


Message History

The splash of poison misses the hound.
You feel slightly more hungry. The hound bites you but does no damage.
You closely miss the hound. The hound bites you but does no damage.
The hound bites you. The hound barely misses you.
You hit the hound.
The hound is moderately wounded.
You have got your breath back.
The hound bites you. The hound bites you but does no damage.
Press: ? - help, Shift-Dir - straight line, f/p - hound
Aim: a hound (moderately wounded)
The splash of poison hits the hound.
The hound is poisoned.
The hound is severely wounded.
You feel slightly more hungry. The hound bites you but does no damage.
You hit the hound.
The hound is almost dead.
The hound bites you. You block the hound's attack.
You closely miss the hound.
The hound is almost dead.
The hound bites you.
You die...

..# #.###.##)# #.#
#.##.....# #.# #.##(.####
###.# #.##..## # ##.#.#
#.##.<.## ##
####....######.......####.
+.......................'.
###....########......###.
##.#.@..# #..#.#.# ## #
##h..# #......# # ....#
#.###..# ##....#
#.###..#### .._..#
#.........# ##\###
##.##.###.# ## #.##.# #.#
#.##.###.. #.##......


You could see a hound.

Vanquished Creatures
  A giant cockroach (D:2)
  2 goblins
  4 hobgoblins
  2 kobolds (D:2)
  A quokka (D:2)
  A bat (D:1)
  A rat (D:2)
12 creatures vanquished.

Notes
Turn   | Place    | Note
-------+----------+-------------------------------------------
     0 | D:1      | Duffy the Naga Fighter began the quest for the Orb.
     0 | D:1      | Reached XP level 1. HP: 21/21 MP: 1/1
   161 | D:2      | Reached XP level 2. HP: 20/28 MP: 2/2
   455 | D:2      | Found a burning altar of Makhleb.
   465 | D:2      | HP: 1/28 [hound (1)]
   466 | D:2      | Slain by a hound

Vault maps used:
D:1:      shiori_shiawase
D:2:      makhleb_heckhound_becter

Action                   || total
-------------------------++-------
Melee: War axe           ||    35
 Abil: Spit Poison       ||     2
Armor: Scale mail        ||    22
Dodge: Dodged            ||    12
Block: Shield            ||    14

Table legend:
 A = Non-vault XP
 B = Vault XP
 C = Vault XP percentage of total XP
 D = Non-vault monster count
 E = Vault monster count
 F = Vault count percentage of total count
                 A         B        C        D         E       F
            +---------+---------+-------+---------+---------+-------
      Total |      22 |       0 |   0.0 |      12 |       0 |   0.0
            +---------+---------+-------+---------+---------+-------
        D:1 |       9 |       0 |   0.0 |       5 |       0 |   0.0
        D:2 |      13 |       0 |   0.0 |       7 |       0 |   0.0
            +---------+---------+-------+---------+---------+-------
